 Dungeon Sprint DCSS version 0.31-a0-43-g46d131a48f (webtiles) character file.

Game seed: 2213648261646725707

1407 rocky1 the Cleaver (level 8, -15/96 HPs)
             Began as an Ogre Gladiator on May 20, 2023.
             Was an Initiate of Gozag.
             Demolished by Erolcha
             ... wielding a +0 giant spiked club
              (30 damage)
             ... in the Dungeon (Sprint VII: "The Pits").
             The game lasted 00:04:23 (1441 turns).

rocky1 the Cleaver (Ogre Gladiator)                 Turns: 1441, Time: 00:04:24

Health: -15/96     AC:  3    Str: 21    XL:     8   Next: 70%
Magic:  12/12      EV: 12    Int:  9    God:    Gozag
Gold:   1683       SH:  0    Dex: 10    Spells: 13/13 levels left

rFire   . . .        g - +1 dire flail (protect)
rCold   . . .        (shield currently unavailable)
rNeg    . . .        b - +0 robe
rPois   .            c - +0 hat
rElec   .            (no cloak)
rCorr   .            (gloves unavailable)
SInv    .            (boots unavailable)
Will    .....        (no amulet)
Stlth   ++           (no ring)
HPRegen 0.36/turn    (no ring)
MPRegen 0.13/turn

%: no teleportation
@: gold aura, hasted, invisible, very quick
A: large, unfitting armour, tough skin 1
a: Renounce Religion, Potion Petition, Call Merchant, Bribe Branch


You were in the Dungeon.
You worshipped Gozag.
Gozag was most pleased with you.
You visited 1 branch You collected 1683 gold pieces.

Inventory:

Hand Weapons
 a - a +0 war axe
 g - a +1 dire flail of protection (weapon)
 o - a +2 heavy flail
 p - a +2 hand axe of freezing
Missiles
 d - a throwing net (quivered)
 e - a large rock
Armour
 b - a +0 robe (worn)
 c - a +0 hat (worn)
Scrolls
 m - 5 scrolls of amnesia
 n - a scroll of butterflies
Potions
 f - 5 potions of curing
 i - 4 potions of magic
 j - 3 potions of berserk rage
 l - a potion of invisibility


   Skills:
 + Level 10.6 Fighting
 * Level 11.6(11.9) Axes
 + Level 3.1(7.5) Maces & Flails
 - Level 3.5 Throwing
 + Level 6.6 Armour
 + Level 7.8 Dodging
 - Level 2.1 Stealth
 - Level 3.0 Spellcasting


You had 13 spell levels left.
You didn't know any spells.
Your spell library was empty.

Dungeon Overview and Level Annotations

Branches:
Dungeon (1/1)

Altars:
Ashenzari
Cheibriados
Dithmenos
Elyvilon
Fedhas
Gozag
Hepliaklqana
Kikubaaqudgha
Makhleb
Nemelex Xobeh
Okawaru
Qazlal
Ru
Sif Muna
Trog
Uskayaw
Vehumet
Wu Jian
Xom
Yredelemnul
Zin
The Shining One
Jiyva
Lugonu

Annotations:
D Erolcha


Innate Abilities, Weirdness & Mutations

You are too large for most types of armour.
You have tough skin. (AC +1)


Message History

The water moccasin bites you but does no damage.
The anaconda closely misses you.
Unknown command.
You puncture the anaconda!
The anaconda is severely wounded.
The anaconda bites you but does no damage.
The water moccasin barely misses you.
You bludgeon the anaconda!!
You kill the anaconda!
Your Fighting skill increases to level 10!
Your Axes skill increases to level 11!
Your base Maces & Flails skill gained 2 levels and is now at level 2!
Your Armour skill increases to level 6!
You have reached level 8!
You miss the water moccasin. The water moccasin closely misses you.
You catch the helpless water moccasin completely off-guard!
You hit the water moccasin.
The water moccasin is lightly wounded.
The water moccasin bites you but does no damage.
You puncture the water moccasin!
The water moccasin is severely wounded.
The water moccasin bites you but does no damage.
Unknown command.
You closely miss the water moccasin.
The water moccasin is severely wounded.
The water moccasin misses you.
You catch the helpless water moccasin completely off-guard!
You bludgeon the water moccasin!!
You kill the water moccasin!
Your base Maces & Flails skill increases to level 3!
You closely miss something. You closely miss something.
Something completely misses you.
You closely miss something. You barely miss something.
You closely miss something. Something hits you!
* * * LOW HITPOINT WARNING * * *
You barely miss something.
You feel better. Something hits you!!
You die...
Your body crumbles into a pile of gold.

#.#..########...<...#
#.#..'.).)[##.......#
#.#..#.).)[##.......#
#'###########.......#
#.))))..#..##########
#.###)..#[## ###
#.#.....#.# ...#
#.#...#.#)#....#
#.....#.#@{....+
#...###.#$#....#
#.......'.# ...#
########### ###


There were no monsters in sight!

Vanquished Creatures
  An anaconda (D)
  A polar bear (D)
  Edmund (D)
  2 floating eyes (D)
  A water moccasin (D)
  A hound (D)
  A gnoll bouda (D)
  Jessica (D)
  An orc wizard (D)
  6 gnolls (D)
  2 river rats (D)
  An ufetubus (D)
  4 orcs (D)
  An endoplasm (D)
  2 giant cockroaches (D)
  4 ball pythons (D)
  A giant cockroach zombie (D)
  A rat (D)
32 creatures vanquished.

Notes
Turn   | Place    | Note
-------+----------+-------------------------------------------
     0 | D        | rocky1 the Ogre Gladiator began the quest for the Orb.
     0 | D        | Reached XP level 1. HP: 22/22 MP: 1/1
    42 | D        | Found a bloodstained altar of Trog.
    42 | D        | Found a shimmering blue altar of Sif Muna.
    42 | D        | Found a viscous altar of Jiyva.
    42 | D        | Found a hazy altar of Hepliaklqana.
    42 | D        | Found an opulent altar of Gozag.
    43 | D        | Found a glowing golden altar of the Shining One.
    43 | D        | Found a glowing silver altar of Zin.
    43 | D        | Found a basalt altar of Yredelemnul.
    43 | D        | Found a shimmering altar of Xom.
    43 | D        | Found an ornate altar of the Wu Jian Council.
    43 | D        | Found a sacrificial altar of Ru.
    43 | D        | Found a stormy altar of Qazlal.
    43 | D        | Found an iron altar of Okawaru.
    43 | D        | Found a sparkling altar of Nemelex Xobeh.
    43 | D        | Found a burning altar of Makhleb.
    43 | D        | Found a blossoming altar of Fedhas.
    43 | D        | Found a white marble altar of Elyvilon.
    43 | D        | Found a shadowy altar of Dithmenos.
    43 | D        | Found a snail-covered altar of Cheibriados.
    46 | D        | Found a corrupted altar of Lugonu.
    46 | D        | Found a radiant altar of Vehumet.
    47 | D        | Found an ancient bone altar of Kikubaaqudgha.
    47 | D        | Found a hide-covered altar of Uskayaw.
    47 | D        | Found a broken altar of Ashenzari.
    52 | D        | Became a worshipper of Gozag Ym Sagoz the Greedy
    62 | D        | Noticed a floating eye
    64 | D        | Paralysed by a floating eye for 3 turns
    72 | D        | Paralysed by a floating eye for 3 turns
    77 | D        | Paralysed by a floating eye for 4 turns
    81 | D        | Killed a floating eye
    82 | D        | Reached skill level 5 in Axes
    82 | D        | Reached XP level 2. HP: 31/33 MP: 1/6
    82 | D        | Reached XP level 3. HP: 38/41 MP: 1/7
    82 | D        | Reached XP level 4. HP: 46/49 MP: 1/8
   337 | D        | Reached skill level 5 in Fighting
   500 | D        | Reached XP level 5. HP: 57/57 MP: 9/9
   510 | D        | Reached skill level 6 in Axes
   786 | D        | Noticed a floating eye
   795 | D        | Reached skill level 7 in Axes
   799 | D        | Reached skill level 5 in Dodging
   805 | D        | Reached XP level 6. HP: 46/68 MP: 10/10
   805 | D        | Killed a floating eye
   806 | D        | Reached skill level 8 in Axes
  1093 | D        | Noticed a polar bear
  1128 | D        | HP: 3/72 [polar bear (1)]
  1134 | D        | Killed a polar bear
  1135 | D        | Reached skill level 9 in Axes
  1135 | D        | Reached skill level 5 in Armour
  1135 | D        | Reached XP level 7. HP: 37/81 MP: 11/11
  1370 | D        | Noticed Jessica
  1370 | D        | Noticed Edmund
  1389 | D        | Killed Jessica
  1399 | D        | Killed Edmund
  1400 | D        | Reached skill level 10 in Axes
  1417 | D        | Noticed Erolcha
  1417 | D        | Noticed an anaconda
  1429 | D        | Killed an anaconda
  1430 | D        | Reached skill level 10 in Fighting
  1430 | D        | Reached skill level 11 in Axes
  1430 | D        | Reached XP level 8. HP: 17/94 MP: 12/12
  1441 | D        | Demolished by Erolcha

Illustrated notes

Levels and vault maps discovered:
D:        pitsprint [storerooms_1, entrance_room_1, metal_vault_2, armoury_1,
          mini_pit_1, grid_room_1, main_hall_1, silver_pit, the_coven_1,
          the_vestibule_1, steel_vault_1, golden_pit, hallway_of_sentries,
          crystal_vault_2, iron_vault_2, final_vault]

Skill      XL: |  1  2  3  4  5  6  7  8 |
---------------+-------------------------+-----
Fighting       | 4 5 6 8 10 | 10.6
Axes           | 5 7 9 11 | 11.6
Throwing       | 3 |  3.5
Armour         | 2 3 5 6 |  6.6
Dodging        | 4 5 6 7 |  7.8
Stealth        | 2 |  2.1
Spellcasting   | 3 |  3.0
Maces & Flails | 2 3 |  3.1

Action                     |  1- 3 |  4- 6 |  7- 9 || total
---------------------------+-------+-------+-------++-------
  Melee: War axe           |    12 |    23 |       ||    35
         Hand axe          |       |    46 |    26 ||    72
         Dire flail        |       |       |    20 ||    20
  Throw: Throwing net      |       |     3 |       ||     3
         Large rock        |       |     1 |       ||     1
    Use: Potion            |       |     5 |     4 ||     9
         Scroll            |       |     1 |       ||     1
   Stab: Sleeping          |       |     3 |       ||     3
         Distracted        |       |     1 |       ||     1
         Invisible         |       |       |     2 ||     2
 Armour: Robe              |     2 |    19 |     5 ||    26
  Dodge: Dodged            |     2 |    68 |    20 ||    90

Table legend: (Time is in decaauts)
 A = Elapsed time spent in this place.
 B = Non-inter-level travel time spent in this place.
 C = Inter-level travel time spent in this place.
 D = Time resting spent in this place.
 E = Time spent auto-exploring this place.
 F = Levels seen in this place.
 G = Mean time per level.
                   A        B        C        D        E       F      G
               +--------+--------+--------+--------+--------+-----+--------+
         Total |   1432 |   1411 |     21 |   1050 |      0 |   1 | 1432.0 |
       Dungeon |   1432 |   1411 |     21 |   1050 |      0 |   1 | 1432.0 |
               +--------+--------+--------+--------+--------+-----+--------+

Top non-repeatable levels by time:
       D: 1432 daAuts
